 Dungeon Crawl Stone Soup version 0.30.0-29-ga12c61a403 (webtiles) character file.

Game seed: 12674621967467312576

122 Graphine the Ducker (level 5, -5/41 HPs)
             Began as a Merfolk Gladiator on June 21, 2023.
             Slain by a gnoll
             ... wielding a +0 flail of protection
              (8 damage)
             ... on level 3 of the Dungeon.
             The game lasted 00:03:12 (1821 turns).

Graphine the Ducker (Merfolk Gladiator)             Turns: 1821, Time: 00:03:13

Health: -5/41      AC:  4    Str: 14    XL:     5   Next: 6%
Magic:  5/5        EV: 14    Int:  7    God:
Gold:   141        SH:  0    Dex: 18    Spells: 4/4 levels left

rFire   . . .        a - +0 long sword
rCold   . . .        (no shield)
rNeg    . . .        b - +0 leather armour
rPois   .            c - +0 helmet
rElec   .            (no cloak)
rCorr   .            (no gloves)
SInv    .            (no boots)
Will    .....        (no amulet)
Stlth   ++           (no ring)
HPRegen 0.26/turn    (no ring)
MPRegen 0.09/turn

%: no passive effects
@: no status effects
A: (nimble swimmer 2), mertail
a: no special abilities


You were on level 3 of the Dungeon.
You visited 1 branch of the dungeon, and saw 3 of its levels.

You collected 141 gold pieces.

Inventory:

Hand Weapons
 a - a +0 long sword (weapon)
Armour
 b - a +0 leather armour (worn)
 c - a +0 helmet (worn)
Scrolls
 h - a scroll of amnesia
 l - 3 scrolls of teleportation
Potions
 f - a potion of brilliance {unknown}
 g - 2 potions of degeneration {unknown}
 j - a potion of might
 k - a potion of haste {unknown}
 m - 2 potions of curing {unknown}
 n - a potion of magic {unknown}


   Skills:
 * Level 3.2 Fighting
 * Level 4.4 Long Blades
 + Level 2.5 Throwing
 * Level 5.0 Dodging
 + Level 1.2 Stealth
 + Level 1.2 Invocations


You had 4 spell levels left.
You didn't know any spells.
Your spell library contained the following spells:

 Spells                   Type           Power      Damage    Failure   Level
 Foxfire                  Conj/Fire      0%         2x1d4     52%         1
 Sandblast                Erth           0%         2d4       52%         1
 Passwall                 Tmut/Erth      0%         N/A       65%         2
 Stone Arrow              Conj/Erth      0%         3d7       87%         3
 Fireball                 Conj/Fire      0%         3d3       100%        5
 Plasma Beam              Fire/Air       0%         2x1d11    100%        6
 Starburst                Conj/Fire      0%         6d3       100%        6


Dungeon Overview and Level Annotations

Branches:
Dungeon (3/15)

Altars:

Shops:
D:2 =


Innate Abilities, Weirdness & Mutations

((You are very nimble when in or above water. (Stealth+, EV+, Speed+++)))
Your lower body shifts to a powerful aquatic tail in water.


Message History

Hit: a) +0 long sword
Press: ? - help, Dir - move target, f - goblin, p - gnoll
Aim: a goblin, wielding a +0 dagger (about 44% to evade your +0 long sword)
You barely miss the goblin. The goblin completely misses you.
The gnoll hits you with a +0 flail of protection!
* * * LOW HITPOINT WARNING * * *
The gnoll closely misses you.
Hit: a) +0 long sword
Press: ? - help, Dir - move target, f/p - goblin
Aim: a goblin, wielding a +0 dagger (about 44% to evade your +0 long sword)
You completely miss the goblin. The gnoll closely misses you.
The goblin hits you with a +0 dagger.
* * * LOW HITPOINT WARNING * * *
The gnoll hits you from afar with a +0 spear.
* * * LOW HITPOINT WARNING * * *
The gnoll closely misses you.
The gnoll hits you from afar with a +0 spear.
* * * LOW HITPOINT WARNING * * *
The goblin hits you with a +0 dagger.
* * * LOW HITPOINT WARNING * * *
You feel much better.
The gnoll hits you from afar with a +0 spear.
The gnoll misses you. The goblin hits you but does no damage.
You miss the goblin. The gnoll closely misses you.
The goblin barely misses you.
The gnoll hits you from afar with a +0 spear.
You slash the goblin!
You kill the goblin!
The gnoll hits you from afar with a +0 spear.
The gnoll hits you but does no damage.
You hit the gnoll.
The gnoll is severely wounded.
The gnoll hits you with a +0 flail of protection!
* * * LOW HITPOINT WARNING * * *
The gnoll hits you from afar with a +0 spear.
* * * LOW HITPOINT WARNING * * *
You barely miss the gnoll.
The gnoll is severely wounded.
The gnoll hits you with a +0 flail of protection!
You die...

###.##.#...#.......#
#.##.#.#######.###
#..... ##.## ##...#
#...# .### #...# .#
#...# .# ###...#####
#.. #.........## ..#
##..@....... ###
#..)g....##
##g..#.### #.).#.#
#...#.# #...# ..(..
#...#


You could see 2 gnolls.

Vanquished Creatures
  5 adders
  A gnoll (D:3)
  2 worms (D:2)
  A dart slug (D:1)
  An orc (D:3)
  4 ball pythons
  5 endoplasms
  2 giant cockroaches
  6 hobgoblins
  5 jackals
  7 kobolds
  3 quokkas
  6 bats
  2 frilled lizards
  4 goblins
  2 rats
56 creatures vanquished.

Notes
Turn   | Place    | Note
-------+----------+-------------------------------------------
     0 | D:1      | Graphine the Merfolk Gladiator began the quest for the Orb.
     0 | D:1      | Reached XP level 1. HP: 16/16 MP: 1/1
   193 | D:1      | Reached XP level 2. HP: 16/23 MP: 2/2
   667 | D:2      | Reached XP level 3. HP: 28/28 MP: 3/3
  1169 | D:2      | Reached skill level 1 in Stealth
  1169 | D:2      | Reached skill level 1 in Invocations
  1169 | D:2      | Reached XP level 4. HP: 31/35 MP: 4/4
  1416 | D:2      | Found Qutumago's Jewellery Shop.
  1801 | D:3      | Reached skill level 5 in Dodging
  1801 | D:3      | Reached XP level 5. HP: 41/41 MP: 5/5
  1816 | D:3      | HP: 1/41 [goblin/+0 dagger (2)]
  1821 | D:3      | Slain by a gnoll

Illustrated notes

Levels and vault maps discovered:
D:1:      dpeg_arrival_round_b, layout_rooms, kennysheep_decorative_pillar
D:2:      minmay_skewed_foursquare, layout_loops_ring, serial_shops, shop,
          st_stairs_13
D:3:      layout_loops_cross, hellmonk_ghost_happy_afterlife,
          gup_sewer_entry_bubbles

Skill      XL: |  1  2  3  4 |
---------------+-------------+-----
Long Blades    | 4 |  4.4
Fighting       | 3 |  3.2
Stealth        | 1 |  1.2
Invocations    | 1 |  1.2
Dodging        | 5 |  5.0
Throwing       | |  2.5

Action                     |  1- 3 |  4- 6 || total
---------------------------+-------+-------++-------
  Melee: Long sword        |    95 |    61 ||   156
         Punch             |     1 |     2 ||     3
  Throw: Boomerang         |    12 |    13 ||    25
         Throwing net      |     1 |     2 ||     3
         Javelin           |       |     1 ||     1
    Use: Scroll            |     4 |     2 ||     6
         Potion            |       |     1 ||     1
 Armour: Leather armour    |    29 |    19 ||    48
  Dodge: Dodged            |    85 |    60 ||   145
